 Dungeon Crawl Stone Soup version 0.31-a0-229-g1fc7ce93e2 (webtiles) character file.

Game seed: 1519173014339687809

168 qw the Shooter (level 5, 0/30 HPs)
             Began as a Gargoyle Hexslinger on July 6, 2023.
             Slain by a goblin
             ... wielding a +0 club
             ... led by Robin
              (2 damage)
             ... on level 3 of the Dungeon.
             The game lasted 00:00:59 (2735 turns).

qw the Shooter (Gargoyle Hexslinger)                Turns: 2735, Time: 00:01:00

Health: 0/30       AC: 10    Str: 12    XL:     5   Next: 48%
Magic:  6/6        EV: 15    Int: 13    God:
Gold:   150        SH:  0    Dex: 14    Spells: 5/6 levels left

rFire   . . .        Y - +1 sling
rCold   . . .        (no shield)
rNeg    + . .        e - +0 ring mail
rPois   inf          i - +0 helmet
rElec   +            j - scarf {repulsion}
rCorr   .            (no gloves)
SInv    .            (no boots)
Will    +....        (no amulet)
Stlth   +            d - +5 ring of evasion
HPRegen 0.25/turn    g - ring of willpower
MPRegen 0.10/turn

%: repel missiles
@: no status effects
A: sickness immunity, AC +4, negative energy resistance 1, electricity
resistance, torment resistance 1, petrification resistance
a: no special abilities


You were on level 3 of the Dungeon.
You visited 1 branch of the dungeon, and saw 4 of its levels.

You collected 150 gold pieces.


Innate Abilities, Weirdness & Mutations

You are immune to sickness and miasma.
Your stone body is resilient. (AC +4)
You are immune to poison.
You resist negative energy. (rN+)
You are resistant to electric shocks. (rElec)
You are resistant to unholy torment.
You are immune to petrification.


   Skills:
 + Level 2.1 Fighting
 - Level 5.0 Ranged Weapons
 - Level 1.0 Armour
 - Level 1.5 Dodging
 - Level 1.0 Spellcasting
 - Level 2.6 Hexes


You had 5 spell levels left.
You knew the following spells:

 Your Spells              Type           Power      Damage    Failure   Level
a - Slow                  Hex            28%        N/A       22%         1

Your spell library contained the following spells:

 Spells                   Type           Power      Damage    Failure   Level
 Inner Flame              Hex/Fire       4%         N/A       73%         3
 Portal Projectile        Hex/Tloc       8%         N/A       73%         3
 Cause Fear               Hex            3%         N/A       91%         4

Inventory:

Hand Weapons
 Y - a +1 sling (weapon)
Armour
 e - a +0 ring mail (worn)
 i - a +0 helmet (worn)
 j - a scarf of repulsion (worn)
Jewellery
 d - a +5 ring of evasion (left hand)
 g - a ring of willpower (right hand)
Scrolls
 a - a scroll of identify
Potions
 h - a potion of lignification {unknown}

Dungeon Overview and Level Annotations

Branches:
Dungeon (4/15)
 Temple: D:4-7

Altars:
Ru

Shops:
D:1 (

Annotations:
D:4 Robin


Message History

Enter note:
Enter note:
Enter note:
Enter note:
Enter note:
Enter note:
Enter note:
Enter note:
Enter note:
Enter note:
Enter note:
Enter note:
Enter note:
Enter note:
Enter note: You shoot a sling bullet.
The sling bullet hits the goblin!
You kill the goblin!
The goblin hits you but does no damage. The goblin barely misses you.
The kobold barely misses you.
The goblin hits you with a +1 dagger of draining.
The goblin hits you with a +0 club. The goblin hits you with a +0 dagger.
The kobold closely misses you.
You shoot a sling bullet. The sling bullet hits the kobold.
You kill the kobold!
The goblin hits you but does no damage. The goblin barely misses you.
The goblin hits you but does no damage.
You shoot a sling bullet.
The sling bullet completely misses the goblin.
The goblin misses you. The goblin hits you but does no damage.
The goblin completely misses you.
You shoot a sling bullet.
The sling bullet closely misses the goblin.
The goblin barely misses you. The goblin closely misses you. x2
You shoot a sling bullet.
The sling bullet completely misses the goblin.
The goblin hits you with a +1 dagger of draining.
The goblin closely misses you. The goblin hits you with a +0 club.
The goblin completely misses you. The goblin misses you.
The goblin hits you with a +0 club.
You die...

#.# #.# #................. #.#
#.# #.................
#.#############............###..
#..........................#....
#..............>...........#.#..
#............................##.
###############)...............#
#g)##............#
#@)##............#
#gg.##...).......#
#...##.<.........#
#.......^.........
#.................
##.................
#..........(..#....
###.###.###.###...# #.#
#.###..######


You could see 3 goblins.

Vanquished Creatures
  8 gnolls
  2 adders (D:3)
  A worm (D:2)
  A dart slug (D:3)
  2 orcs (D:3)
  5 ball pythons
  2 bat skeletons (D:2)
  5 endoplasms
  2 giant cockroaches
  6 goblins
  6 hobgoblins
  4 jackals (D:2)
  8 kobolds
  2 quokkas
  2 bats (D:1)
  4 frilled lizards
  A quokka skeleton (D:2)
  A quokka zombie (D:2)
  5 rats
67 creatures vanquished.

Notes
Turn   | Place    | Note
-------+----------+-------------------------------------------
     0 | D:1      | qw the Gargoyle Hexslinger began the quest for the Orb.
     0 | D:1      | Reached XP level 1. HP: 12/12 MP: 2/2
     0 | D:1      | 0 ||| qw: Version: 0.3-a-46-gb1f654a
     0 | D:1      | 0 ||| qw: Game counter: 1312
     0 | D:1      | 0 ||| qw: Melee chars always use a shield: true
     0 | D:1      | 0 ||| qw: God list: Okawaru
     0 | D:1      | 0 ||| qw: Allow faded altars: false
     0 | D:1      | 0 ||| qw: Do Orc after clearing Dungeon:15 true
     0 | D:1      | 0 ||| qw: Do second Lair branch before Depths: true
     0 | D:1      | 0 ||| qw: Lair rune preference: random
     0 | D:1      | 0 ||| qw: Goals: Normal
     0 | D:1      | 0 ||| PLANNING D:1-11
   110 | D:1      | Found a faded altar of an unknown god.
   254 | D:1      | Reached XP level 2. HP: 15/16 MP: 3/3
   325 | D:1      | Reached skill level 3 in Ranged Weapons
   460 | D:1      | Found Tuov's Weapon Shoppe.
   683 | D:1      | 683 ||| UPGRADING to +0 ring mail.
   693 | D:1      | 693 ||| DROPPING +0 robe.
   694 | D:1      | 694 ||| UPGRADING to +5 ring of evasion.
   695 | D:1      | 695 ||| UPGRADING to ring of willpower.
   696 | D:1      | 696 ||| READING 2 scrolls labelled IHAGIA NAIQION.
   697 | D:1      | 697 ||| DROPPING scroll of poison.
   721 | D:2      | Reached XP level 3. HP: 21/21 MP: 4/4
   987 | D:2      | Reached XP level 4. HP: 14/26 MP: 5/5
  1051 | D:2      | Reached skill level 4 in Ranged Weapons
  1091 | D:2      | Found a sacrificial altar of Ru.
  1408 | D:2      | Reached skill level 1 in Armour
  1666 | D:2      | 1666 ||| UPGRADING to +0 helmet.
  1671 | D:2      | 1671 ||| UPGRADING to scarf of repulsion.
  1676 | D:2      | 1676 ||| READING scroll labelled DUPUKHL HOEVE.
  1677 | D:2      | 1677 ||| READING scroll labelled XOCEIL VEUS.
  1678 | D:2      | 1678 ||| READING scroll labelled ZEQUISIMUE.
  1755 | D:3      | 1755 ||| STAIRDANCE
  2065 | D:3      | Reached XP level 5. HP: 28/30 MP: 6/6
  2122 | D:3      | HP: 7/30 [gnoll/+0 flail (3)]
  2128 | D:3      | HP: 3/30 [gnoll/+0 spear (2)]
  2131 | D:3      | Reached skill level 5 in Ranged Weapons
  2722 | D:4      | Noticed Robin
  2729 | D:4      | 2729 ||| STAIRDANCE
  2731 | D:3      | HP: 6/30 [goblin/+0 dagger[Robin] (2)]
  2735 | D:3      | HP: 2/30 [goblin/+0 club[Robin] (3)]
  2735 | D:3      | Slain by a goblin

Levels and vault maps discovered:
D:1:      wander_arrival_chamber, layout_basic, serial_shops, shop,
          shapermc_ecumenical_altar_mp_vishouse
D:2:      layout_basic, serial_undead, serial_undead_e, serial_undead_b,
          serial_undead_e, serial_undead_d, basic_altar
D:3:      layout_rooms, serial_co_window_serial, co_window_paths_a,
          co_window_paths_a, co_window_of_opportunity_a,
          co_window_of_opportunity_a, co_window_of_opportunity_a,
          co_window_corner_a, co_window_paths_a, co_window_paths_c,
          co_window_corner_b, co_window_corner_cb, co_window_broadway_a,
          co_window_broadway_a, co_window_paths_c, co_window_paths_e,
          glass_columns_c, glass_columns_a
D:4:      layout_layer_cave, grunt_temple_overflow_open, uniq_eustachio,
          uniq_robin

Skill      XL: |  1  2  3  4  5 |
---------------+----------------+-----
Ranged Weapons | 3 4 5 |  5.0
Fighting       | 2 |  2.1
Armour         | 1 |  1.0
Dodging        | |  1.5
Spellcasting   | |  1.0
Hexes          | |  2.6

Action                     |  1- 3 |  4- 6 || total
---------------------------+-------+-------++-------
   Fire: Sling             |   118 |   138 ||   256
    Use: Scroll            |     1 |     3 ||     4
 Armour: Robe              |     5 |       ||     5
         Ring mail         |     5 |    54 ||    59
  Dodge: Dodged            |    45 |   149 ||   194

Table legend:
 A = Non-vault XP
 B = Vault XP
 C = Vault XP percentage of total XP
 D = Non-vault monster count
 E = Vault monster count
 F = Vault count percentage of total count
                 A         B        C        D         E       F
            +---------+---------+-------+---------+---------+-------
      Total |     228 |      12 |   5.0 |      60 |       7 |  10.4
            +---------+---------+-------+---------+---------+-------
        D:1 |      33 |       0 |   0.0 |      21 |       0 |   0.0
        D:2 |      88 |       6 |   6.4 |      22 |       4 |  15.4
        D:3 |     107 |       2 |   1.8 |      17 |       1 |   5.6
        D:4 |       0 |       4 | 100.0 |       0 |       2 | 100.0
            +---------+---------+-------+---------+---------+-------
